 Dungeon Crawl Stone Soup version 0.30.0-30-g96aa6591b8 (webtiles) character file.

Game seed: 2291822330272790236

29731 H0rd4k the Skirmisher (level 13, -12/96 HPs)
             Began as a Human Artificer on June 26, 2023.
             Was an Initiate of Gozag.
             Mangled by a death yak (15 damage)
             ... while petrified by a basilisk
             ... on level 2 of the Lair of Beasts.
             The game lasted 00:27:12 (19407 turns).

H0rd4k the Skirmisher (Human Artificer)            Turns: 19407, Time: 00:27:13

Health: -12/96     AC:  6    Str: 14    XL:     13   Next: 83%
Magic:  25/25      EV:  2    Int: 16    God:    Gozag
Gold:   1404       SH:  0    Dex: 19    Spells: 12/28 levels left

rFire   . . .        Q - +7 shortbow of Internal Strife {drain, Stlth+}
rCold   . . .        (shield currently unavailable)
rNeg    + + +        b - +0 leather armour
rPois   ∞            (no helmet)
rElec   .            j - scarf {harm}
rCorr   .            B - +1 pair of gloves
SInv    .            h - +0 pair of boots
Will    .....        (no amulet)
Stlth   ++++         f - +6 ring of dexterity
HPRegen 0.36/turn    v - ring of poison resistance
MPRegen 0.19/turn

%: harm (+30% outgoing, +20% incoming)
@: petrified
A: no striking features
a: Renounce Religion, Potion Petition, Call Merchant, Bribe Branch


You were on level 2 of the Lair of Beasts.
You worshipped Gozag.
Gozag was most pleased with you.
You visited 3 branches of the dungeon, and saw 16 of its levels.
You also visited: Ossuary.

You collected 3437 gold pieces.
You spent 643 gold pieces at shops.
You paid 1390 gold pieces to Gozag.

Inventory:

Hand Weapons
 a - the +12 pair of quick blades "Gyre" and "Gimble" {protect}
   (You found it on level 10 of the Dungeon)
 o - a +2 whip of flaming
 F - a +5 vampiric short sword
 Q - the +7 shortbow of Internal Strife (weapon) {drain, Stlth+}
   (You took it off an orc warrior on level 8 of the Dungeon)

   Stlth:     It makes you more stealthy.
Missiles
 H - a throwing net
 K - 7 poisoned darts
 V - 3 curare-tipped darts
Armour
 b - a +0 leather armour (worn)
 h - a +0 pair of boots (worn)
 j - a scarf of harm (worn)
 B - a +1 pair of gloves (worn)
 P - a +2 cloak of stealth
 S - a scarf of repulsion
Magical Staves
 s - a staff of fire
Jewellery
 c - a ring of magical power
 f - a +6 ring of dexterity (left hand)
 v - a ring of poison resistance (right hand)
 y - a ring of resist corrosion
 M - a ring of magical power
Wands
 d - a wand of polymorph (5)
 e - a wand of paralysis (7)
 z - a wand of mindburst (38)
 D - a wand of quicksilver (3)
 R - a wand of flame (20)
Scrolls
 l - 4 scrolls of summoning
 m - 3 scrolls of poison
 q - 3 scrolls of teleportation
 u - 2 scrolls of fear
 w - 2 scrolls of brand weapon
 A - 4 scrolls of identify
 E - 2 scrolls of magic mapping
 G - 4 scrolls of blinking
 J - 3 scrolls of fog
 L - 4 scrolls of vulnerability
Potions
 g - 7 potions of curing
 i - 3 potions of brilliance {unknown}
 k - 3 potions of lignification
 n - 7 potions of might
 p - a potion of invisibility {unknown}
 r - 10 potions of degeneration
 t - 6 potions of haste
 C - 3 potions of attraction {unknown}
 I - 2 potions of mutation {unknown}
 N - a potion of berserk rage {unknown}
 O - a potion of flight {unknown}
 T - 3 potions of heal wounds
 U - 2 potions of magic {unknown}
Miscellaneous
 x - a piece from Xom's chessboard (15/15)


   Skills:
 - Level 7.5 Fighting
 * Level 6.8 Short Blades
 + Level 8.3 Maces & Flails
 - Level 9.6 Ranged Weapons
 + Level 0.9 Throwing
 - Level 2.0 Armour
 + Level 7.6 Dodging
 + Level 6.3 Stealth
 * Level 8.3 Spellcasting
 + Level 4.3 Hexes
 * Level 4.6 Summonings
 + Level 3.6 Air Magic
 + Level 5.5 Evocations


You had 12 spell levels left.
You knew the following spells:

 Your Spells              Type           Power      Damage    Failure   Level
a - Ensorcelled Hibernat  Hex/Ice        26%        N/A       9%          2
b - Swiftness             Air            18%        N/A       9%          3
c - Confusing Touch       Hex            20%        N/A       7%          3
d - Airstrike             Air            9%         2d(2-18)  30%         4
e - Summon Lightning Spi  Summ/Air       19%        N/A       24%         4

Your spell library contained the following spells:

 Spells                   Type           Power      Damage    Failure   Level
 Summon Small Mammal      Summ           84%        N/A       1%          1
 Call Canine Familiar     Summ           21%        N/A       6%          3
 Summon Guardian Golem    Hex/Summ       21%        N/A       6%          3
 Static Discharge         Conj/Air       24%        2-3/arc   10%         2
 Cigotuvi's Dreadful Rot  Necr/Pois/Air  20%        N/A       12%         2
 Kiss of Death            Conj/Necr      24%        2d7       14%         1
 Magic Dart               Conj           24%        1d4       14%         1
 Passwall                 Tmut/Erth      5%         N/A       21%         2
 Searing Ray              Conj           12%        2d4       21%         2
 Fulminant Prism          Conj/Hex       6%         3d7       47%         4
 Summon Mana Viper        Hex/Summ       21%        N/A       52%         5
 Dispel Undead            Necr           6%         3d8       80%         4
 Summon Forest            Summ/Tloc      7%         N/A       82%         5
 Summon Cactus Giant      Summ           10%        N/A       97%         6
 Death Channel            Necr           3%         N/A       100%        6


Dungeon Overview and Level Annotations

Branches:
Dungeon (12/15)            Temple (1/1) D:6            Lair (3/5) D:9
 Spider (0/4) Lair:2          Orc (0/2) D:9         Ossuary (visited)
  Swamp: Lair:2-3    Shoals: Lair:2-3

Altars:
Ashenzari
Cheibriados
Dithmenos
Elyvilon
Fedhas
Gozag
Hepliaklqana
Kikubaaqudgha
Makhleb
Nemelex Xobeh
Okawaru
Qazlal
Ru
Sif Muna
Trog
Uskayaw
Vehumet
Wu Jian
Xom
Yredelemnul
Zin
The Shining One

Shops:
D:9 ![=

Annotations:
D:3 2 transporters, Atelerd's ghost, weakling OpEE
D:8 exclusion: downstairs
D:9 1 transporter
D:11 exclusions: boulder beetle and 2 downstairs
D:12 exclusions: boulder beetle and vampire
Lair:1 exclusions: boulder beetle and downstairs


Message History

The arrow closely misses the wolf.
A wolf comes into view.
The basilisk gazes at you.
You are slowing down.
The basilisk bites you but does no damage.
The cane toad stings you.
Your limbs are stiffening.
You climb upwards.
The death yak gores you! x2
The death yak gores you but does no damage.
You have turned to stone.
The basilisk bites you but does no damage.
The death yak gores you!
* * * LOW HITPOINT WARNING * * *
The basilisk barely misses you.
The death yak gores you but does no damage.
The basilisk bites you!
* * * LOW HITPOINT WARNING * * *
The death yak gores you.
* * * LOW HITPOINT WARNING * * *
The basilisk bites you!
* * * LOW HITPOINT WARNING * * *
The death yak gores you.
* * * LOW HITPOINT WARNING * * *
The basilisk gazes at you.
You easily resist.
The death yak gores you but does no damage.
The basilisk gazes at you. The death yak gores you!
* * * LOW HITPOINT WARNING * * *
The basilisk barely misses you. The death yak gores you.
* * * LOW HITPOINT WARNING * * *
The basilisk hisses menacingly.
The basilisk bites you.
* * * LOW HITPOINT WARNING * * *
The death yak gores you!
* * * LOW HITPOINT WARNING * * *
The basilisk bites you!
* * * LOW HITPOINT WARNING * * *
The death yak gores you!!
You die...
Your body crumbles into a pile of gold.

### #..#.^^^........## #
..# ##.#.....^^^....# .##
#..........#.#.# ##
#.###.#........# .# ###
##.....##.## P#
########.....### P#
#............# #####
##...^....l...# ....#
#..#.####Y@..##
#.P.####..###.##.###
.##).###......##.# #
.#..#.##..##.##..###### #
...^.....##...#..##...#
######
##....######.P##.#P...###
#.##.# #.#.###
#.###........####.....
##..##
###.###........Y.......>
##..#
#....##........###..###.


You could see a death yak and a basilisk (drained).

Vanquished Creatures
  A hydra (Lair:2)
  An ogre mage (D:11)
  5 death yaks
  4 two-headed ogres
  Sonja (Lair:1)
  Nergalle (Lair:1)
  A deep elf pyromancer (D:12)
  A spectral centaur (D:12)
  A cyclops (D:12)
  A centaur zombie (D:12)
  3 centaur skeletons (D:12)
  4 black mambas
  An unseen horror (D:11)
  6 cane toads
  Maggie (D:8)
  A rime drake (Lair:1)
  5 komodo dragons
  A polar bear (Lair:2)
  4 trolls
  Grinder (D:3)
  5 blink frogs (Lair:2)
  4 slime creatures (D:12)
  A vampire (D:8)
  2 wraiths
  2 wyverns
  A basilisk (Lair:2)
  28 yaks
  5 vampire mosquitoes
  3 wargs
  2 acid dragons
  8 water moccasins
  3 black bears
  An ice beast (D:5)
  A swamp drake (D:9)
  4 orc warriors
  5 ogres
  2 wolves (Lair:3)
  A centaur (D:10)
  2 kobold brigands (D:6)
  3 phantoms
  7 bullfrogs
  A gnoll sergeant (D:8)
  5 scorpions
  11 wights
  Dowan (D:4)
  11 killer bees
  3 howler monkeys
  8 orc priests
  3 hounds
  A jelly (D:4)
  A sleepcap (D:5)
  Jessica (D:2)
  5 iguanas
  10 orc wizards
  A hound zombie (Ossuary)
  4 mummies (Ossuary)
  4 gnolls (D:3)
  9 adders
  A white imp (D:8)
  An ufetubus (D:6)
  3 adder zombies (Ossuary)
  3 worms
  2 dart slugs (D:1)
  46 orcs
  4 bats
  5 endoplasms
  5 giant cockroaches
  5 hobgoblins
  7 quokkas
  8 ball pythons
  4 frilled lizards
  4 goblins
  A goblin zombie (Ossuary)
  4 hobgoblin zombies
  A jackal zombie (Ossuary)
  23 kobolds
  A kobold zombie (D:5)
  3 orc zombies
  8 rats
  2 rat zombies (Ossuary)
  A butterfly (D:3)
355 creatures vanquished.

Vanquished Creatures (collateral kills)
  Duvessa (D:4)
  An orc warrior (D:8)
  A mummy (D:5)
  5 orcs
8 creatures vanquished.

Vanquished Creatures (others)
  A hound (D:5)
  An orc wizard (D:7)
  An orc (D:5)
3 creatures vanquished.

Grand Total: 366 creatures vanquished

Notes
Turn   | Place    | Note
-------+----------+-------------------------------------------
     0 | D:1      | H0rd4k the Human Artificer began the quest for the Orb.
     0 | D:1      | Reached XP level 1. HP: 15/15 MP: 1/1
   124 | D:1      | Reached XP level 2. HP: 21/21 MP: 2/2
   649 | D:1      | Reached XP level 3. HP: 26/26 MP: 3/3
   988 | D:1      | Reached skill level 1 in Maces & Flails
  1345 | D:2      | Reached XP level 4. HP: 22/32 MP: 4/4
  1684 | D:2      | Noticed Jessica
  1690 | D:2      | Killed Jessica
  1691 | D:2      | Reached XP level 5. HP: 16/37 MP: 5/5
  1987 | D:3      | Noticed Grinder
  2024 | D:3      | Killed Grinder
  2025 | D:3      | Reached XP level 6. HP: 35/44 MP: 6/6
  2121 | D:3      | Reached XP level 7. HP: 28/50 MP: 7/7
  2221 | D:3      | Found a transporter.
  2222 | D:3      | Found a transporter.
  2239 | D:3      | Found a shimmering altar of Xom.
  2751 | D:3      | You fall into a shaft and drop 2 floors!
  2751 | D:5      | Entered Level 5 of the Dungeon
  3187 | D:4      | Noticed Duvessa
  3188 | D:4      | Noticed Dowan
  3197 | D:4      | Killed Duvessa
  3198 | D:4      | Reached skill level 5 in Maces & Flails
  3225 | D:4      | Killed Dowan
  3226 | D:4      | Reached XP level 8. HP: 25/57 MP: 8/8
  4339 | D:5      | Reached skill level 1 in Spellcasting
  4729 | D:6      | Reached XP level 9. HP: 57/63 MP: 10/10
  5131 | D:6      | Reached skill level 5 in Stealth
  5248 | D:6      | Found a staircase to the Ecumenical Temple.
  5258 | Temple   | Entered the Ecumenical Temple
  5284 | Temple   | Became a worshipper of Gozag Ym Sagoz the Greedy
  6047 | D:3      | Noticed Atelerd's ghost (weakling OpEE)
  6769 | D:7      | Reached skill level 5 in Dodging
  7526 | D:7      | Found a radiant altar of Vehumet.
  8365 | D:8      | Reached XP level 10. HP: 60/73 MP: 15/15
  8368 | D:8      | Reached skill level 5 in Evocations
  8401 | D:8      | Noticed Maggie
  8410 | D:8      | Killed Maggie
  8508 | D:8      | Found a sand-covered staircase.
  8517 | Ossuary  | Entered an ossuary
  9006 | D:8      | Identified the +7 shortbow of Internal Strife {drain,
                  | Stlth+}
 10357 | D:10     | Entered Level 10 of the Dungeon
 10363 | D:10     | Reached skill level 5 in Fighting
 10436 | D:10     | Reached skill level 1 in Ranged Weapons
 10502 | D:10     | Noticed a two-headed ogre
 10508 | D:10     | Killed a two-headed ogre
 10509 | D:10     | Reached skill level 3 in Ranged Weapons
 10836 | D:10     | Noticed a two-headed ogre
 10841 | D:10     | Killed a two-headed ogre
 10842 | D:10     | Reached skill level 4 in Ranged Weapons
 10842 | D:10     | Reached XP level 11. HP: 80/80 MP: 17/17
 10956 | D:10     | Reached skill level 5 in Ranged Weapons
 11103 | D:10     | Found the +12 pair of quick blades "Gyre" and "Gimble"
                  | {protect}
 11318 | D:10     | Found a stormy altar of Qazlal.
 12028 | D:10     | Learned a level 2 spell: Ensorcelled Hibernation
 12032 | D:10     | Learned a level 3 spell: Swiftness
 12154 | D:11     | Reached skill level 1 in Hexes
 12242 | D:11     | Noticed an ogre mage
 12245 | D:11     | Noticed a two-headed ogre
 12251 | D:11     | Killed an ogre mage
 12252 | D:11     | Reached skill level 6 in Ranged Weapons
 12252 | D:11     | Reached skill level 1 in Air Magic
 12270 | D:11     | Reached skill level 5 in Spellcasting
 12292 | D:11     | Killed a two-headed ogre
 12298 | D:11     | Noticed a two-headed ogre
 12663 | D:11     | Noticed a boulder beetle
 12995 | D:11     | Reached skill level 7 in Ranged Weapons
 13039 | D:12     | Noticed a boulder beetle
 13624 | D:12     | Noticed a cyclops
 13650 | D:12     | Killed a cyclops
 13939 | D:12     | HP: 1/81 [troll (8)]
 13951 | D:12     | Reached skill level 1 in Short Blades
 14378 | D:11     | Learned a level 3 spell: Confusing Touch
 14407 | D:12     | Reached XP level 12. HP: 88/88 MP: 20/20
 14740 | D:12     | Reached skill level 8 in Ranged Weapons
 15268 | D:9      | Found a staircase to the Lair.
 15299 | D:9      | Noticed a two-headed ogre
 15307 | D:9      | Killed a two-headed ogre
 15470 | D:9      | Found a staircase to the Orcish Mines.
 15605 | D:9      | Found Nuikkoeg's Distillery.
 15613 | D:9      | Bought a potion of heal wounds for 80 gold pieces
 15825 | D:9      | Found a transporter.
 15912 | D:9      | Bought a runed cloak for 172 gold pieces
 15912 | D:9      | Bought an embroidered scarf for 184 gold pieces
 15912 | D:9      | Bought a pitted ring mail for 207 gold pieces
 15912 | D:9      | Identified the +0 ring mail of Untruth {-Cast Regen+ rCorr}
                  | (You bought it in a shop on level 9 of the Dungeon)
 15931 | Lair:1   | Entered Level 1 of the Lair of Beasts
 16171 | Lair:1   | Noticed Nergalle
 16182 | Lair:1   | Killed Nergalle
 16261 | Lair:1   | Reached skill level 9 in Ranged Weapons
 16307 | Lair:1   | Noticed a boulder beetle
 16665 | Lair:1   | Reached XP level 13. HP: 96/96 MP: 22/22
 16786 | Lair:1   | Noticed Sonja
 16800 | Lair:1   | Killed Sonja
 16887 | Lair:1   | Reached skill level 5 in Short Blades
 17125 | Lair:1   | Learned a level 4 spell: Airstrike
 17132 | Lair:1   | Learned a level 4 spell: Summon Lightning Spire
 17233 | Lair:2   | Reached skill level 1 in Summonings
 17931 | Lair:2   | Found a hole to the Spider Nest.
 18178 | Lair:2   | Noticed an eight-headed hydra
 18183 | Lair:2   | Killed an eight-headed hydra
 19407 | Lair:2   | HP: 3/96 [basilisk (5)]
 19407 | Lair:2   | Mangled by a death yak

Illustrated notes

Levels and vault maps discovered:
D:1:      lemuel_arrival_hallway, layout_basic, hex_tiny,
          kennysheep_pointless_box
D:2:      layout_basic, uniq_jessica
D:3:      layout_basic, xom_butterflies, gammafunk_ghost_gnarly_gnolls,
          uniq_grinder
D:4:      layout_rooms, kennysheep_generic_room_8, uniq_duvessa
D:5:      layout_gridville, minmay_mini_ossuary
D:6:      layout_cave_pods, minmay_temple_entry_stoned_glass
D:7:      layout_loops_corners, fiery_altar_vehumet, nicolae_elevator_lobby_plus
D:8:      layout_basic, nicolae_ossuary_entry_ruins, kennysheep_generic_room_3,
          uniq_maggie
D:9:      layout_cave_pools, erik_lair_orcish_takeover, erik_orc_1,
          serial_shops, nicolae_shop_stone, hangedman_abyss_or_decor_clamps,
          nicolae_diode_basic
D:10:     layout_loops_ring, general_overflow_altar
D:11:     layout_irregular_city
D:12:     layout_irregular_city, serial_rivers, chequers_serial_rivers_marsh,
          chequers_serial_rivers_micro_a, chequers_serial_rivers_micro_b,
          chequers_serial_rivers_room_a, hangedman_weighted_door,
          nrook_mini_backslash
Temple:   hellmonk_temple_of_storms
Lair:1:   layout_hall_layers, beast_lair_carwin_7, grunt_megastairs_5,
          lemuel_fruit_tree, uniq_sonja, uniq_nergalle
Lair:2:   layout_loops_ring, spider_nest_entry_web_field
Lair:3:   layout_gridlike, minmay_shoals_entry_centaurs, nzn_sisyphean_effort

Skill      XL: |  1  2  3  4  5  6  7  8  9 10 11 12 13 |
---------------+----------------------------------------+-----
Maces & Flails | 1 2 4 5 6 7 8 |  8.3
Dodging        | 2 3 4 5 6 7 |  7.6
Fighting       | 2 3 4 5 6 7 |  7.5
Stealth        | 2 3 4 5 6 |  6.3
Evocations     | 4 5 |  5.5
Spellcasting   | 1 3 4 5 6 8 |  8.3
Ranged Weapons | 4 7 9 |  9.6
Hexes          | 3 4 |  4.3
Air Magic      | 2 3 |  3.6
Short Blades   | 1 4 6 |  6.8
Summonings     | 4 |  4.6
Throwing       | |  0.9
Armour         | |  2.0

Action                     |  1- 3 |  4- 6 |  7- 9 | 10-12 | 13-15 || total
---------------------------+-------+-------+-------+-------+-------++-------
  Melee: Club              |    27 |       |       |       |       ||    27
         Mace              |    43 |       |       |       |       ||    43
         Punch             |     2 |       |    13 |     3 |       ||    18
         Whip              |    46 |    73 |   483 |   164 |       ||   766
         Pair of quick bla |       |       |       |    30 |     6 ||    36
   Fire: Shortbow          |       |       |       |   399 |   260 ||   659
  Throw: Dart              |       |       |     3 |     1 |       ||     4
         Throwing net      |       |       |     1 |       |       ||     1
   Cast: Confusing Touch   |       |       |       |       |     2 ||     2
 Invoke: Call Merchant     |       |       |       |     2 |       ||     2
  Evoke: Wand              |       |     7 |    36 |    18 |     2 ||    63
    Use: Potion            |       |       |     1 |       |       ||     1
         Scroll            |       |       |       |    18 |       ||    18
   Stab: Sleeping          |     4 |     3 |    11 |     2 |       ||    20
         Paralysed         |       |       |     6 |       |       ||     6
         Distracted        |       |       |     2 |     1 |       ||     3
         Betrayed ally     |       |       |       |     1 |       ||     1
 Armour: Leather armour    |    43 |    18 |   109 |    97 |    16 ||   283
  Dodge: Dodged            |    76 |    54 |   296 |   248 |    77 ||   751
